Map: Terraform LE (Void)

Players

Rednels

  • Race: Protoss Protoss
  • League: Grandmaster

Chernobog - Winner!

  • Race: Terran Terran
  • League: Silver

VOD

Have the link to the VOD?

Description

Time

  • Played on: Sept. 3, 2015, 6:51 p.m.
  • Length: 11:26
Show
View Real Time Build Order
Export as new Build Order

Rednels Protoss 

Build Orders:  

Get SALT Encoding   

  12  0:01  Probe (Chrono Boost)  
  13  0:18  Pylon  
  13  0:21  Probe (Chrono Boost)  
  14  0:31  Probe (Chrono Boost)  
  15  0:44  Forge  
  15  0:53  Pylon  
  15  0:54  Probe (Chrono Boost)  
  16  1:04  Probe (Chrono Boost)  
  17  1:14  Probe (Chrono Boost)  
  18  1:20  Photon Cannon  
  18  1:26  Photon Cannon  
  18  1:29  Probe (Chrono Boost)  
  19  1:39  Probe (Chrono Boost)  
  20  1:49  Probe (Chrono Boost)  
  21  1:54  Nexus  
  21  1:58  Pylon  
  21  1:59  Probe (Chrono Boost)  
  22  2:06  Gateway  
  22  2:26  Photon Cannon  
  22  2:41  Probe (Chrono Boost)  
  23  2:44  Assimilator  
  23  2:48  Assimilator  
  23  2:51  Probe (Chrono Boost)  
  23  2:52  Pylon  
  24  2:59  Cybernetics Core  
  24  3:01  Probe (Chrono Boost)  
  25  3:07  Probe (Chrono Boost)  
  25  3:11  Probe (Chrono Boost)  
  27  3:13  Assimilator  
  27  3:16  Assimilator  
  27  3:17  Probe (Chrono Boost)  
  28  3:22  Photon Cannon  
  28  3:26  Photon Cannon  
  28  3:37  Probe (Chrono Boost)  
  29  3:41  Probe (Chrono Boost)  
  29  3:47  Probe (Chrono Boost)  
  31  3:49  Pylon  
  31  3:51  Probe (Chrono Boost)  
  31  3:53  Stargate  
  32  3:57  Probe (Chrono Boost)  
  32  4:01  Stargate  
  32  4:02  Probe (Chrono Boost)  
  34  4:14  Photon Cannon  
  34  4:16  Probe x2 (Chrono Boost)  
  36  4:26  Probe x2 (Chrono Boost)  
  38  4:39  Protoss Air Weapons Level 1  
  38  4:41  Void Ray  
  38  4:42  Probe (Chrono Boost)  
  38  4:44  Probe (Chrono Boost)  
  44  4:54  Void Ray  
  44  4:57  Probe (Chrono Boost)  
  44  4:58  Probe (Chrono Boost)  
  50  5:09  Probe (Chrono Boost)  
  50  5:11  Probe (Chrono Boost)  
  52  5:21  Probe (Chrono Boost)  
  52  5:24  Void Ray  
  57  5:39  Fleet Beacon, Void Ray  
  61  5:43  Pylon  
  58  6:05  Carrier  
  58  6:08  Carrier  
  54  6:39  Pylon  
  54  7:02  Photon Cannon  
  54  7:03  Photon Cannon  
  54  7:05  Probe (Chrono Boost), Photon Cannon  
  54  7:07  Probe (Chrono Boost)  
  56  7:11  Carrier  
  56  7:15  Probe (Chrono Boost)  
  57  7:17  Probe (Chrono Boost)  
  57  7:19  Graviton Catapult  
  58  7:25  Probe (Chrono Boost)  
  58  7:27  Probe (Chrono Boost)  
  66  7:40  Pylon  
  66  7:45  Protoss Air Weapons Level 2  
  66  7:54  Probe x2 (Chrono Boost)  
  68  8:00  Carrier  
  68  8:04  Probe (Chrono Boost)  
  69  8:24  Carrier  
  69  9:04  Carrier  
  69  9:06  Stargate  
  69  9:10  Probe (Chrono Boost)  
  70  9:20  Probe (Chrono Boost)  
  71  9:31  Probe (Chrono Boost)  
  78  9:40  Pylon  
  78  9:43  Pylon  
  78  10:03  Nexus  
  68  10:49  Gateway  
Show
View Real Time Build Order
Export as new Build Order

Chernobog Terran - Winner!

Build Orders: Reaper Expand, MMM Bio 

Get SALT Encoding   

  12  0:01  SCV  
  13  0:13  SCV  
  14  0:24  Supply Depot  
  14  0:25  SCV  
  15  0:45  SCV  
  15  0:48  Barracks  
  16  0:50  Refinery  
  16  0:57  SCV  
  17  1:09  SCV  
  18  1:21  SCV  
  19  1:28  Command Center  
  19  1:36  Reaper  
  21  1:41  Orbital Command  
  20  2:00  Barracks  
  20  2:03  Barracks  
  20  2:09  SCV  
  21  2:21  SCV, Factory  
  21  2:22  Barracks Tech Lab  
  22  2:24  Refinery  
  22  2:39  SCV  
  23  2:47  Supply Depot  
  23  2:50  Supply Depot  
  23  2:54  Marauder  
  23  2:56  Marine x2  
  27  3:09  SCV  
  28  3:14  Command Center, Factory Tech Lab  
  28  3:15  Marauder  
  30  3:26  SCV  
  31  3:29  Barracks Reactor x2  
  31  3:31  Combat Shields  
  31  3:32  Marine x2  
  33  3:36  Marine  
  33  3:38  SCV  
  35  3:50  SCV  
  35  3:52  Siege Tank  
  35  3:55  Marine  
  40  3:57  Marine x2  
  40  4:02  SCV  
  43  4:09  Supply Depot  
  43  4:20  Marine x2  
  43  4:21  Marine  
  46  4:32  Orbital Command  
  46  4:33  SCV  
  47  4:42  Barracks Reactor x2  
  47  4:45  SCV, Starport  
  47  4:49  Marauder  
  50  4:55  Stimpack  
  50  4:58  SCV  
  51  5:10  Marine  
  51  5:13  Barracks  
  51  5:14  Siege Tank, Barracks  
  52  5:17  SCV  
  52  5:18  SCV, Refinery  
  57  5:25  Marine x4  
  57  5:28  Marine  
  61  5:43  Marine x2  
  61  5:46  Marauder  
  61  5:48  SCV, Marine x2  
  66  6:00  Marine  
  66  6:01  Marine  
  68  6:06  Marine  
  60  6:12  Marauder, Marine  
  59  6:18  Marine x2  
  59  6:19  Barracks Reactor  
  59  6:20  Barracks Reactor  
  59  6:23  SCV  
  59  6:24  SCV, Marine  
  61  6:28  Barracks  
  61  6:29  Command Center, Marine  
  62  6:35  SCV  
  62  6:36  SCV, Starport Reactor  
  62  6:39  Barracks  
  61  6:46  Marine x3  
  60  6:47  Marine  
  62  7:01  Marine  
  59  7:02  Armory, Marine  
  59  7:03  Marine x3  
  59  7:04  Marine x3  
  59  7:05  Marauder  
  59  7:06  SCV  
  59  7:07  SCV  
  71  7:20  Supply Depot, Marine x2  
  71  7:21  Supply Depot, Marine  
  74  7:23  Barracks Reactor  
  74  7:26  Marauder  
  74  7:27  Medivac  
  78  7:30  Medivac  
  78  7:32  SCV x2  
  82  7:40  Siege Tank  
  85  7:44  SCV  
  85  7:45  Supply Depot  
  85  7:49  Supply Depot, Barracks Reactor  
  85  7:50  Marine  
  87  7:56  SCV  
  87  7:57  SCV, Marine  
  87  7:58  Marine x2  
  91  8:04  Marine x2  
  94  8:09  Marine x2  
  94  8:10  Marauder, Marine x2  
  100  8:21  Liberator  
  100  8:25  Liberator  
  96  8:32  Marine x4  
  96  8:33  Marine x8  
  102  8:44  SCV  
  102  8:45  SCV  
  102  8:48  Orbital Command  
  107  8:52  Marine x2  
  107  8:54  Marauder, Marine x4  
  107  8:55  Marine  
  113  8:56  SCV, Marine  
  116  9:08  Marine  
  116  9:09  Command Center, Marine, Liberator x2  
  118  9:21  Marauder, Marine x3  
  123  9:31  Marine x4  
  130  9:32  Marine  
  134  9:43  Marauder  
  134  9:45  Engineering Bay x2, Marine  
  136  9:46  Marine x3  
  136  9:47  Marine  
  141  9:58  Thor, Marine  
  148  10:04  Marauder  
  140  10:24  Marine x3  
  140  10:25  Marauder, Marine x5  
  150  10:32  Refinery  
  150  10:34  Refinery  
  150  10:40  Marine  
  150  10:41  Marine x2  
  153  10:47  Marauder  
  144  10:59  Marine  
  144  11:00  Marine x3  
  146  11:05  Marine x3  
Tags
 
Add a new tag
Caveats
  • Supply blocks, unpowered buildings, or Contaminate may cause inaccurate times.
  • Supply counts are checked every 10 seconds.